Map: Interloper LE

Players

MoDz

  • Race: Terran Terran
  • League: Bronze
  • Spawn Location: 11:00

Yata - Winner!

  • Race: Zerg Zerg
  • League: Bronze
  • Spawn Location: 5:00

VOD

Have the link to the VOD?

Description

Time

  • Played on: July 20, 2017, 3:29 p.m.
  • Length: 14:26
Show
View Real Time Build Order
Export as new Build Order

MoDz Terran 

Build Orders:  

Get SALT Encoding   

  12  0:20  Supply Depot  
  12  0:27  Supply Depot  
  12  0:29  SCV  
  13  0:41  SCV  
  14  0:52  Barracks  
  14  0:53  SCV  
  15  1:05  SCV  
  15  1:07  Refinery  
  16  1:17  SCV  
  17  1:29  SCV  
  18  1:41  SCV  
  19  1:49  Marine  
  19  1:53  SCV  
  21  2:02  Engineering Bay  
  21  2:07  Marine  
  23  2:09  Barracks  
  23  2:12  Orbital Command  
  22  2:20  Refinery  
  22  2:25  Marine  
  23  2:38  Supply Depot  
  23  2:40  SCV  
  23  2:43  Marine  
  25  2:52  SCV  
  26  3:01  Marine  
  26  3:02  Factory  
  26  3:04  SCV  
  28  3:08  Barracks Tech Lab  
  28  3:12  Bunker  
  28  3:17  SCV  
  28  3:18  Supply Depot  
  29  3:21  Missile Turret  
  29  3:22  Missile Turret  
  29  3:26  Missile Turret  
  29  3:29  SCV  
  29  3:33  Combat Shields  
  30  3:37  Neosteel Frame  
  30  3:49  Factory Tech Lab  
  30  4:15  Supply Depot  
  30  4:25  Missile Turret  
  30  4:30  Siege Tank  
  33  4:38  Command Center  
  33  4:57  Hi-Sec Auto Tracking  
  33  5:21  Missile Turret  
  33  5:25  Marine x2  
  35  5:40  Supply Depot  
  35  5:43  Siege Tank, Marine x2  
  40  5:52  Starport  
  40  6:01  Marine x2  
  42  6:14  Bunker  
  42  6:19  Marine x2  
  44  6:30  Siege Tank  
  47  6:34  Orbital Command  
  47  6:36  Marine x2  
  49  6:40  Starport Tech Lab  
  49  6:44  Starport  
  49  6:54  Marine x2  
  51  7:04  Supply Depot  
  51  7:12  Marine x2  
  51  7:13  Viking  
  55  7:21  SCV  
  56  7:33  SCV  
  57  7:40  Bunker  
  57  7:43  Viking  
  59  7:45  SCV  
  60  7:53  SCV  
  60  7:57  SCV  
  62  8:03  Refinery  
  62  8:04  Refinery  
  62  8:05  Starport Reactor, SCV  
  63  8:09  SCV  
  64  8:13  Viking  
  64  8:16  Armory  
  64  8:17  SCV  
  67  8:21  SCV  
  68  8:29  SCV  
  69  8:40  Supply Depot  
  69  8:43  Viking  
  71  9:03  Missile Turret  
  71  9:04  Fusion Core  
  71  9:13  Viking  
  71  9:14  Missile Turret  
  73  9:19  Stimpack  
  73  9:27  Missile Turret  
  73  9:29  Missile Turret x2  
  73  9:32  Missile Turret x2  
  73  9:37  Missile Turret  
  73  9:44  Missile Turret  
  73  9:58  Supply Depot  
  73  10:20  Supply Depot  
  73  10:29  Command Center  
  73  10:38  Command Center  
  73  10:54  Battlecruiser  
  79  11:43  Refinery  
  79  11:44  Orbital Command  
  79  11:45  Refinery  
  79  11:58  Battlecruiser  
  85  12:06  Orbital Command  
  85  12:33  Refinery  
  85  12:34  Refinery  
  85  12:38  Missile Turret x2  
  85  13:02  Battlecruiser  
  89  13:13  Siege Tank  
  92  13:26  Viking x2  
  85  13:38  Missile Turret  
  81  13:45  Siege Tank  
  64  13:55  Viking  
  64  13:56  Viking  
  48  14:08  Missile Turret x2  
  48  14:09  Missile Turret  
  42  14:14  Missile Turret  
Show
View Real Time Build Order
Export as new Build Order

Yata Zerg - Winner!

Build Orders: Hatch First 

Get SALT Encoding   

  12  0:01  Drone  
  13  0:13  Overlord  
  13  0:21  Drone  
  14  0:36  Drone  
  14  0:37  Drone x2  
  17  0:58  Hatchery  
  16  1:04  Drone x2  
  18  1:19  Spawning Pool  
  18  1:24  Extractor, Drone x2  
  18  1:41  Drone  
  18  1:42  Drone  
  20  1:53  Overlord  
  20  2:07  Queen  
  22  2:10  Queen  
  22  2:13  Zergling x2  
  22  2:14  Zergling x2  
  26  2:29  Drone x3  
  29  2:35  Metabolic Boost  
  29  2:39  Drone x2  
  31  2:45  Roach Warren  
  30  3:04  Overlord  
  30  3:05  Overlord  
  30  3:07  Drone  
  30  3:08  Drone x3  
  34  3:25  Hatchery  
  33  3:32  Baneling Nest  
  32  3:35  Extractor  
  32  3:40  Extractor  
  32  3:41  Roach x4  
  38  3:52  Evolution Chamber  
  37  3:56  Drone x5  
  37  3:57  Drone  
  42  4:31  Zerg Melee Weapons Level 1  
  42  4:41  Drone x6  
  48  4:51  Drone x2  
  48  4:52  Drone x6  
  55  5:21  Queen  
  55  5:26  Lair  
  57  5:29  Pneumatized Carapace  
  57  5:37  Drone  
  57  5:38  Overlord x6  
  57  5:39  Overlord x3  
  58  6:18  Ravager x2  
  60  6:36  Spire  
  60  6:37  Hatchery  
  58  6:46  Infestation Pit  
  57  7:21  Hatchery  
  56  7:26  Hive  
  56  7:37  Hydralisk Den  
  55  7:42  Extractor  
  55  7:43  Extractor x2  
  52  8:02  Mutalisk  
  52  8:04  Corruptor  
  52  8:05  Corruptor x4  
  64  8:36  Zerg Melee Weapons Level 2  
  64  8:39  Corruptor x2  
  68  8:52  Corruptor x2  
  72  9:20  Corruptor  
  72  9:21  Corruptor x4  
  82  9:30  Greater Spire  
  82  9:36  Hydralisk x4  
  90  10:01  Hydralisk x7  
  90  10:02  Hydralisk  
  106  10:07  Extractor  
  106  10:10  Queen  
  106  10:11  Queen  
  109  10:17  Hydralisk  
  109  10:18  Hydralisk x4  
  119  10:29  Muscular Augments  
  119  10:40  Corruptor  
  119  10:41  Corruptor  
  123  10:51  Brood Lord  
  125  11:05  Overlord x5  
  125  11:06  Overlord x2  
  125  11:07  Overlord x4  
  125  11:30  Brood Lord x4  
  133  11:35  Corruptor  
  133  11:36  Corruptor  
  137  12:09  Brood Lord  
  137  12:14  Hatchery  
  138  12:22  Drone x5  
  143  12:38  Drone x4  
  147  13:00  Corruptor  
  147  13:01  Corruptor  
Tags
 
Matchup
TvZ
Replay Pack
Pack 1
Spawn Locations
Cross Positions
Add a new tag
Caveats
  • Supply blocks, unpowered buildings, or Contaminate may cause inaccurate times.
  • Supply counts are checked every 10 seconds.